 Dungeon Crawl Stone Soup version 0.28.0-53-g5a82cb258f (webtiles) character file.

Game seed: 9556219145415973875

56 Peloso the Shield-Bearer (level 3, -21/33 HPs)
             Began as a Minotaur Fighter on June 21, 2022.
             Demolished by an ogre
             ... wielding a +0 giant spiked club
              (23 damage)
             ... on level 3 of the Dungeon.
             The game lasted 00:02:12 (1589 turns).

Peloso the Shield-Bearer (Minotaur Fighter)         Turns: 1589, Time: 00:02:12

Health: -21/33     AC:  7    Str: 20    XL:     3   Next: 71%
Magic:  2/2        EV:  9    Int:  5    God:
Gold:   78         SH:  4    Dex: 11    Spells: 2/2 levels left

rFire   . . .      SeeInvis .   a - +0 long sword
rCold   . . .      Faith    .   c - +0 buckler
rNeg    . . .      Spirit   .   b - +0 scale mail
rPois   .          Reflect  .   (helmet restricted)
rElec   .          Harm     .   (no cloak)
rCorr   .          Rampage  .   (no gloves)
Will    .....                   (no boots)
Stlth   ..........              (no amulet)
HPRegen 0.11/turn               (no ring)
MPRegen 0.08/turn               (no ring)

@: no status effects
A: horns 2, retaliatory headbutt
a: no special abilities


You were on level 3 of the Dungeon.
You visited 1 branch of the dungeon, and saw 3 of its levels.

You collected 78 gold pieces.

Inventory:

Hand Weapons
 a - a +0 long sword (weapon)
Armour
 b - a +0 scale mail (worn)
 c - a +0 buckler (worn)
Potions
 d - a potion of might
 f - a potion of berserk rage
 g - a potion of haste {unknown}
 h - a potion of heal wounds {unknown}


   Skills:
 + Level 4.1 Fighting
 + Level 3.7 Long Blades
 + Level 4.0 Armour
 + Level 0.1 Dodging
 + Level 4.1 Shields


You had 2 spell levels left.
You didn't know any spells.
Your spell library was empty.

Dungeon Overview and Level Annotations

Branches:
Dungeon (3/15)

Altars:


Innate Abilities, Weirdness & Mutations

You have a pair of horns on your head.
You reflexively headbutt those who attack you in melee.


Message History

Done waiting.
Done exploring.
(D) Dungeon
Where to? (Enter - D:12, ? - help)
What level of the Dungeon? (default 1, ? - help)
There is a stone staircase leading down here.
You climb downwards.
There is a stone staircase leading up here.
A worm is nearby!
An ogre comes into view. It is wielding a +0 giant spiked club.
The ogre shouts!
You barely miss the worm. The worm bites you.
You hit the worm.
The worm is lightly wounded.
An endoplasm comes into view.
The worm misses you.
The endoplasm quivers.
You hit the worm.
The worm is moderately wounded.
You hit the worm.
The worm is severely wounded.
The worm bites you but does no damage.
There is a stone staircase leading up here.
Found a scroll of vulnerability.
You slash the ogre!
The ogre is moderately wounded.
The ogre hits you with a +0 giant spiked club!!
Ouch! That really hurt!
* * * LOW HITPOINT WARNING * * *
You hear an angry hiss.
You hear a shout!
You barely miss the ogre.
The ogre is moderately wounded.
You hear a shout! x2
The ogre closely misses you.
An adder comes into view.
You slash the ogre! Your headbutt misses the ogre.
The ogre is heavily wounded.
The ogre hits you with a +0 giant spiked club!!
Ouch! That really hurt!
You die...

#....
##.?.
.....
....
#.S####
#.....
#...#
#.@.#
##O##
#Jw#
#..#
#..#
#....
#.###.#
#.# ..
#.# ##


You could see an ogre, a worm, an adder and an endoplasm.

Vanquished Creatures
  2 worms (D:2)
  4 ball pythons
  3 endoplasms
  5 giant cockroaches (D:1)
  6 goblins
  5 hobgoblins
  2 jackals (D:1)
  3 quokkas
  4 bats
  A frilled lizard (D:1)
  6 kobolds
  4 rats (D:2)
45 creatures vanquished.

Notes
Turn   | Place    | Note
-------+----------+-------------------------------------------
     0 | D:1      | Peloso the Minotaur Fighter began the quest for the Orb.
     0 | D:1      | Reached XP level 1. HP: 19/19 MP: 0/0
    53 | D:1      | Reached XP level 2. HP: 23/27 MP: 1/1
   585 | D:1      | Reached XP level 3. HP: 33/33 MP: 2/2
   840 | D:2      | Found a faded altar of an unknown god.
  1579 | D:3      | Noticed an ogre
  1589 | D:3      | Demolished by an ogre

Illustrated notes

Levels and vault maps discovered:
D:1:      giann_horns, layout_loops_ring, st_stairs_5, minivault_25,
          minmay_crystal_water
D:2:      layout_basic, basic_ecumenical_altar
D:3:      layout_basic, lemuel_tele_altar

Skill      XL: |  1  2  3 |
---------------+----------+-----
Fighting       | 4 |  4.1
Shields        | 4 |  4.1
Long Blades    | 3 |  3.7
Armour         | 4 |  4.0
Dodging        | |  0.1

Action                   || total
-------------------------++-------
Melee: Long sword        ||    99
       Headbutt          ||    12
  Use: Scroll            ||     4
Armor: Scale mail        ||    55
Dodge: Dodged            ||    61
Block: Buckler           ||    23
